 Dungeon Crawl Stone Soup version 0.21-a0-509-gecc5317 (webtiles) character file.

106940 dvd the Peltast (level 15, -1/110 HPs)
             Began as a Minotaur Fighter on Nov 26, 2017.
             Was the Champion of Wu Jian.
             Slain by a red devil
             ... wielding a +2 trident of protection
             ... led by a balrug
              (10 damage)
             ... on level 2 of the Abyss on Nov 29, 2017.
             The game lasted 02:36:33 (27872 turns).

dvd the Peltast (Minotaur Fighter)                 Turns: 27872, Time: 02:36:34

Health: -1/110     AC: 24    Str: 25    XL:     15   Next: 99%
Magic:  0/15       EV: 22    Int:  8    God:    Wu Jian [******]
Gold:   2991       SH: 15    Dex: 15    Spells: 9/14 levels left

rFire    + . .     SeeInvis .   a - +2 mace (protect)
rCold    + . .     Gourm    .   c - +0 shield
rNeg     . . .     Faith    .   p - +0 swamp dragon scales
rPois    +         Spirit   +   U - +2 hat {Int+3}
rElec    .         Reflect  .   L - scarf {rC+ rF+}
rCorr    +         Harm     .   P - +0 pair of gloves
MR       +....                  K - +2 pair of boots
Stlth    +.........             A - amulet of guardian spirit
HPRegen  0.28/turn              q - ring of resist corrosion
MPRegen  0.14/turn              x - +3 ring of strength

@: liquid flames, about to teleport, silence, protection aura, glowing
A: retaliatory headbutt, hooves 2, horns 2, repulsion field 1, thin skeletal
structure 1, clumsy 1, frail 2, subdued magic 1
a: Renounce Religion


You were on level 2 of the Abyss.
You worshipped Wu Jian.
Wu Jian was exalted by your worship.
You were hungry.

You visited 4 branches of the dungeon, and saw 24 of its levels.
You visited the Abyss 1 time.
You also visited: Volcano.

You collected 2991 gold pieces.

Inventory:

Hand Weapons
 a - a +2 mace of protection (weapon)
 b - the +7 shortbow "Nusmivuv" {freeze, +Inv rN+ Dex+2 Stlth+}
   (You took it off a big kobold on level 11 of the Dungeon)

   It causes projectiles fired from it to freeze those they strike, causing
   extra injury to most foes and up to half again as much damage against
   particularly susceptible opponents.
   They can also slow down cold-blooded creatures.
   It affects your dexterity (+2).
   It protects you from negative energy.
   It lets you turn invisible.
   It makes you more stealthy.
 k - a +4 hand axe of flaming
 m - a +2 morningstar
 v - a +3 broad axe
 X - the +6 dagger "Riova" {holy, rPois Dex+5}
   (You found it on level 6 of the Lair of Beasts)

   It has been blessed by the Shining One to cause great damage to the undead
   and demons.
   It affects your dexterity (+5).
   It protects you from poison.
Armour
 c - a +0 shield (worn)
 o - a +1 cloak
 p - +0 swamp dragon scales (worn)
 K - a +2 pair of boots (worn)
 L - a scarf of resistance (worn)
 P - a +0 pair of gloves (worn)
 U - a +2 hat of intelligence (worn)
Jewellery
 q - a ring of resist corrosion (left hand)
 r - a +2 ring of strength
 x - a +3 ring of strength (right hand)
 A - an amulet of guardian spirit (around neck)
 O - an uncursed ring of poison resistance
Wands
 d - a wand of flame (24)
 j - a wand of enslavement (17)
 t - a wand of acid (13)
 y - a wand of scattershot (7)
 C - a wand of random effects (144)
 D - a wand of polymorph (47)
 R - a wand of clouds (5)
 W - a wand of paralysis (13)
 Z - a wand of digging (11)
Scrolls
 g - 4 scrolls of enchant weapon
 h - 21 scrolls of identify
 G - 2 scrolls of magic mapping
 H - 7 scrolls of teleportation
 I - 8 scrolls of remove curse
 J - 2 scrolls of amnesia
 M - a scroll of summoning
 N - 3 scrolls of blinking
 Q - a scroll of silence
 Y - a scroll of holy word
Potions
 e - 5 potions of agility
 i - 6 potions of flight
 s - a potion of haste
 u - 2 potions of brilliance
 w - a potion of magic
 F - a potion of might
 S - 3 potions of curing
Books
 T - a book of Necromancy

   Spells                             Type                      Level
   a - Pain                           Necromancy                   1
   b - Animate Skeleton               Necromancy                   1
   c - Vampiric Draining              Necromancy                   3
   d - Regeneration                   Charms/Necromancy            3
   e - Animate Dead                   Necromancy                   4
   f - Control Undead                 Necromancy                   4
Comestibles
 f - 14 bread rations
 n - 12 royal jellies
 z - 5 meat rations
 B - 20 fruits


   Skills:
 + Level 14.2 Fighting
 + Level 5.6(12.2) Axes
 + Level 16.4(16.7) Maces & Flails
 + Level 10.8 Armour
 + Level 12.8 Dodging
 + Level 6.3 Stealth
 + Level 17.0 Shields
 * Level 0.1 Charms
 + Level 2.5 Evocations


You had 9 spell levels left.
You knew the following spells:

 Your Spells              Type           Power        Failure   Level  Hunger
a - Song of Slaying       Chrm           #.......     61%         2    ###....
b - Regeneration          Chrm/Necr      #.........   86%         3    ####...


Dungeon Overview and Level Annotations

Branches:
Dungeon (15/15)            Temple (1/1) D:4            Lair (6/6) D:8
  Swamp (0/4) Lair:4       Spider (0/4) Lair:4        Slime (0/5) Lair:6
    Orc (2/2) D:11            Elf (0/3) Orc:2        Vaults (0/5) D:14
 Depths (0/5) D:15

Altars:
Ashenzari
Cheibriados
Dithmenos
Elyvilon
Fedhas
Gozag
Hepliaklqana
Kikubaaqudgha
Makhleb
Nemelex Xobeh
Okawaru
Qazlal
Ru
Sif Muna
Trog
Uskayaw
Vehumet
Wu Jian
Xom
Yredelemnul
Zin
The Shining One
Jiyva

Shops:
D:9 ?[::%   D:11 %   Orc:1 (   Orc:2 %=[[

Portals:
Trove: D:15 (give 7 potions of agility)

Annotations:
D:9 Josephine
D:13 Rupert


Innate Abilities, Weirdness & Mutations

You reflexively headbutt those who attack you in melee.
You have a pair of horns on your head.
You have hoof-like feet.
You are surrounded by a mild repulsion field. (EV +2)
You have a somewhat thin skeletal structure. (Dex +2, Stealth)
You are clumsy. (Dex -2)
You are very frail. (-20% HP)
Your spells are a little easier to cast, but a little less powerful.


Message History

* * * LOW HITPOINT WARNING * * *
The red devil completely misses you.
The balrug hits you with a demon whip of flaming!
* * * LOW HITPOINT WARNING * * *
You are engulfed in flames!
You resist.
* * * LOW HITPOINT WARNING * * *
The balrug burns you.
* * * LOW HITPOINT WARNING * * *
Unknown command.
Okay, then.
Unknown command.
You feel better.
You are covered in liquid flames!
* * * LOW HITPOINT WARNING * * *
The balrug gestures at you. The sticky flame hits you! You resist.
You are covered in liquid flames!
* * * LOW HITPOINT WARNING * * *
The red devil hits you from afar with a trident of protection!
You die...

. . . .
..... . .
...#. ##
##########
#### .
#.....
..... ..
... ... .
2. ..# .#
##.##..##
###.# .
.#..# #.#
#.. # #4#
#.. ..#
##2#
#..#..#
#@## #..
24# ### ##
..# ##
....##.#
.# .###
.2... .#..
#. # 4#. #
# 3. #.#
##


You could see a balrug and a red devil.

Vanquished Creatures
  Gastronok (Lair:2)
  The ghost of mhoghedin the Lord of Darkness, a journeyman DrNe of Kikubaaqudgha (Orc:1)
  An orc warlord (D:11)
  A fire dragon (Lair:6)
  A yaktaur captain (D:15)
  13 hydras
  The ghost of Roak the Nimble, a journeyman GnGl of Okawaru (Lair:2)
  5 ogre magi
  2 catoblepae (Lair:6)
  Erolcha (D:13)
  A death knight (D:12)
  23 two-headed ogres
  A centaur warrior (D:14)
  3 death yaks (Lair:6)
  A queen ant (Lair:3)
  2 deep elf knights (D:15)
  2 skeletal warriors
  A deep troll (D:15)
  A swamp dragon (Lair:6)
  3 orc knights
  A deep elf archer (D:14)
  Pikel (D:4)
  A necromancer (D:9)
  4 orc sorcerers
  5 manticores
  A wolf spider zombie (D:15)
  7 ugly things (D:15)
  3 deep elf magi (D:14)
  4 cyclopes
  6 black mambas
  5 elephants (Lair:6)
  3 centaur zombies
  A torpor snail (shapeshifter) (D:15)
  3 gargoyles
  11 spiny frogs
  A rime drake (Lair:5)
  11 komodo dragons
  A kobold demonologist (D:14)
  A tengu conjurer (D:10)
  A troll (shapeshifter) (D:14)
  A freezing wraith (D:12)
  5 trolls
  2 hornets
  7 hippogriffs
  5 polar bears
  7 slime creatures
  7 blink frogs
  A meliai zombie (D:14)
  9 dream sheep (Lair:6)
  2 centaur simulacra
  4 flying skulls
  A tarantella (Lair:4)
  3 shadows (D:9)
  A vampire (D:15)
  A spriggan (Lair:4)
  23 yaks
  4 fire bats
  5 wraiths
  A steam dragon (Lair:6)
  3 basilisks
  5 wyverns
  2 hungry ghosts (D:7)
  5 wargs
  Menkaure (D:6)
  20 soldier ants (Lair:3)
  3 acid dragons
  19 water moccasins
  7 porcupines
  A hornet zombie (D:9)
  4 ice beasts
  Duvessa (D:5)
  3 swamp drakes (Lair:6)
  24 orc warriors
  6 phantoms
  3 sky beasts
  4 eyes of draining
  2 black bears
  A black bear (shapeshifter) (D:12)
  A necrophage (D:5)
  14 centaurs
  37 ogres
  16 wolves
  17 crocodiles
  4 big kobolds
  17 bullfrogs
  A wyvern zombie (D:12)
  Dowan (D:5)
  2 wyvern skeletons
  4 killer bees (D:10)
  17 wights
  An electric eel (Lair:6)
  4 jellies
  5 howler monkeys
  A crimson imp (D:7)
  2 bullfrog zombies (D:9)
  A quasit (D:11)
  4 hounds
  9 centaur skeletons
  13 orc priests
  17 orc wizards
  6 bullfrog skeletons
  3 iguanas
  Crazy Yiuf (D:2)
  Natasha (thrice) (D:2)
  28 worker ants
  A hound zombie (D:9)
  3 hound skeletons
  A howler monkey zombie (D:5)
  A worker ant zombie (D:9)
  3 gnolls (D:6)
  10 adders
  A shadow imp (D:5)
  An ooze (Lair:6)
  2 adder zombies (D:9)
  An adder skeleton (D:9)
  2 worms
  2 dart slugs
  4 leopard geckos
  72 orcs
  7 bats
  6 giant cockroaches
  12 goblins
  11 hobgoblins
  6 jackals
  18 kobolds
  2 quokkas
  5 frilled lizards
  A leopard gecko skeleton (D:4)
  4 rats
744 creatures vanquished.

Vanquished Creatures (others)
  A swamp drake (D:8)
  2 slaves (D:4)
  An eye of draining (D:15)
  A wight (D:9)
  An iguana (Lair:6)
  A worker ant (D:4)
  6 fungi
  6 plants
19 creatures vanquished.

Grand Total: 763 creatures vanquished

Notes
Turn   | Place    | Note
-------+----------+-------------------------------------------
     0 | D:1      | dvd the Minotaur Fighter began the quest for the Orb.
     0 | D:1      | Reached XP level 1. HP: 19/19 MP: 0/0
   164 | D:1      | Reached XP level 2. HP: 27/27 MP: 1/1
   222 | D:1      | Reached skill level 4 in Shields
   610 | D:2      | Reached XP level 3. HP: 30/33 MP: 2/2
   773 | D:2      | Found a runed door.
   777 | D:2      | Noticed Crazy Yiuf
   782 | D:2      | Killed Crazy Yiuf
   782 | D:2      | Reached XP level 4. HP: 38/40 MP: 3/3
   896 | D:2      | Noticed Natasha
   909 | D:2      | Killed Natasha
  1075 | D:2      | Found a sparkling altar of Nemelex Xobeh.
  1083 | D:2      | Found a glowing golden altar of the Shining One.
  1091 | D:2      | Found a hazy altar of Hepliaklqana.
  1099 | D:2      | Found a deep blue altar of Sif Muna.
  1105 | D:2      | Found a sacrificial altar of Ru.
  1109 | D:2      | Found an ornate altar of the Wu Jian Council.
  1113 | D:2      | Became a worshipper of the Wu Jian Council
  1123 | D:2      | Found an ancient bone altar of Kikubaaqudgha.
  1132 | D:2      | Noticed Natasha
  1141 | D:2      | Killed Natasha
  1141 | D:2      | Reached XP level 5. HP: 41/46 MP: 4/4
  1304 | D:2      | Reached skill level 1 in Dodging
  1331 | D:2      | Noticed Natasha
  1334 | D:2      | Killed Natasha
  1515 | D:2      | Found a faded altar of an unknown god.
  1760 | D:3      | Reached * piety under Wu Jian
  2099 | D:3      | Found a radiant altar of Vehumet.
  2183 | D:3      | Reached skill level 1 in Maces & Flails
  2319 | D:4      | Noticed a slave
  2319 | D:4      | Noticed a slave
  2320 | D:4      | Noticed a slave
  2321 | D:4      | Noticed Pikel
  2522 | D:4      | Killed Pikel
  2522 | D:4      | Reached skill level 5 in Armour
  2522 | D:4      | Reached skill level 1 in Stealth
  2522 | D:4      | Reached skill level 5 in Shields
  2522 | D:4      | Reached XP level 6. HP: 51/53 MP: 5/5
  2522 | D:4      | Reached XP level 7. HP: 58/60 MP: 6/6
  2792 | D:4      | Found a staircase to the Ecumenical Temple.
  2814 | Temple   | Entered the Ecumenical Temple
  2973 | D:4      | You fall through a shaft!
  2973 | D:5      | Entered Level 5 of the Dungeon
  2980 | D:5      | Reached skill level 6 in Shields
  2986 | D:5      | Reached skill level 5 in Maces & Flails
  3106 | D:5      | Noticed Duvessa
  3106 | D:5      | Noticed Dowan
  3114 | D:5      | Killed Duvessa
  3114 | D:5      | Reached skill level 5 in Fighting
  3114 | D:5      | Reached XP level 8. HP: 56/68 MP: 4/7
  3118 | D:5      | Killed Dowan
  3609 | D:6      | Reached ** piety under Wu Jian
  3877 | D:6      | Reached skill level 7 in Shields
  3920 | D:6      | Noticed Menkaure
  3926 | D:6      | Killed Menkaure
  4277 | D:6      | Reached XP level 9. HP: 70/75 MP: 5/8
  4882 | D:7      | Noticed a cyclops
  5055 | D:7      | Killed a cyclops
  5055 | D:7      | Reached skill level 8 in Shields
  5491 | D:7      | Identified Ruzan's Papyrus of Shifting Boosts
  5500 | D:7      | Reached skill level 10 in Maces & Flails
  6030 | D:8      | Reached skill level 1 in Evocations
  6196 | D:8      | Noticed a komodo dragon
  6205 | D:8      | Reached XP level 10. HP: 56/86 MP: 6/9
  6422 | D:8      | Found a staircase to the Lair.
  6854 | D:9      | Found Woexygal's Book Boutique.
  6906 | D:9      | Reached skill level 9 in Shields
  6965 | D:9      | Found Koeg's Magic Scroll Shop.
  6998 | D:9      | Found Jogy's Armour Emporium.
  7024 | D:9      | Got a faintly glowing leather armour
  7153 | D:9      | Noticed a two-headed ogre
  7163 | D:9      | Killed a two-headed ogre
  7205 | D:9      | Noticed a necromancer
  7221 | D:9      | Noticed Josephine
  7979 | D:9      | Killed a necromancer
  8243 | D:9      | Reached *** piety under Wu Jian
  8273 | D:9      | Found Zidiz's Book Boutique.
  8311 | D:9      | Identified the +3 leather armour "Uqutrik" {SInv} (You found it on level 9 of the Dungeon)
  8449 | D:9      | Reached skill level 10 in Shields
  8509 | D:9      | Reached XP level 11. HP: 95/95 MP: 9/11
  8559 | D:9      | Found an iron altar of Okawaru.
  8685 | D:9      | Found Vofyoce's Food Boutique.
  8824 | D:10     | Entered Level 10 of the Dungeon
  8933 | D:10     | Reached skill level 5 in Dodging
  9205 | D:10     | Reached **** piety under Wu Jian
  9377 | D:10     | Noticed a two-headed ogre
  9404 | D:10     | Killed a two-headed ogre
  9783 | D:10     | Got a faintly glowing ring mail
  9799 | D:10     | Identified the cursed +0 ring mail "Paanior" {+Inv rN+++ Dex+2 Slay-3} (You took it off an orc on level 10 of the Dungeon)
 10074 | D:11     | Found Reuxuxoh's Food Shoppe.
 10170 | D:11     | Found a staircase to the Orcish Mines.
 10588 | D:11     | Got a jewelled shortbow
 10594 | D:11     | Identified the +7 shortbow "Nusmivuv" {freeze, +Inv rN+ Dex+2 Stlth+} (You took it off a big kobold on level 11 of the Dungeon)
 10726 | Lair:1   | Entered Level 1 of the Lair of Beasts
 10795 | Lair:1   | Reached ***** piety under Wu Jian
 10795 | Lair:1   | Reached skill level 11 in Shields
 11862 | Lair:2   | Noticed Roak's ghost (journeyman GnGl)
 12674 | Lair:2   | Noticed Gastronok
 12694 | Lair:2   | Killed Gastronok
 12694 | Lair:2   | Reached XP level 12. HP: 65/106 MP: 7/12
 12944 | Lair:2   | Killed Roak's ghost
 12944 | Lair:2   | Reached skill level 10 in Fighting
 13204 | Lair:3   | Learned a level 2 spell: Song of Slaying
 13281 | Lair:3   | Noticed a five-headed hydra
 13296 | Lair:3   | Killed a five-headed hydra
 13607 | Lair:3   | Noticed a queen ant
 13638 | Lair:3   | Reached skill level 12 in Shields
 13665 | Lair:3   | Killed a queen ant
 14496 | Lair:3   | Noticed a five-headed hydra
 14514 | Lair:3   | Killed a five-headed hydra
 14912 | Lair:4   | Reached XP level 13. HP: 96/115 MP: 9/13
 15024 | Lair:4   | Found a staircase to the Swamp.
 15151 | Lair:4   | Found a hole to the Spider Nest.
 15830 | Lair:5   | Reached skill level 13 in Shields
 16756 | Lair:5   | Reached skill level 10 in Dodging
 16908 | Lair:6   | Entered Level 6 of the Lair of Beasts
 17036 | Lair:6   | Found a runed door.
 17036 | Lair:6   | Found a viscous altar of Jiyva.
 17036 | Lair:6   | Found a staircase to the Slime Pits.
 17039 | Lair:6   | Reached ****** piety under Wu Jian
 17126 | Lair:6   | Reached skill level 15 in Maces & Flails
 17459 | Lair:6   | Reached skill level 5 in Stealth
 17811 | Lair:6   | Reached XP level 14. HP: 95/126 MP: 12/14
 18030 | Lair:6   | Reached skill level 14 in Shields
 18102 | Lair:6   | Got a pitted dagger
 18301 | Lair:6   | Identified the +6 dagger "Riova" {holy, rPois Dex+5} (You found it on level 6 of the Lair of Beasts)
 18656 | Lair:6   | Reached skill level 10 in Armour
 18988 | Lair:6   | Identified the Tome of the Snowflakes and Transformation
 19431 | Orc:1    | Entered Level 1 of the Orcish Mines
 19431 | Orc:1    | Noticed an orc warlord
 19431 | Orc:1    | Noticed mhoghedin's ghost (journeyman DrNe)
 19463 | D:11     | Killed an orc warlord
 19933 | Orc:1    | Killed mhoghedin's ghost
 19990 | Orc:1    | Found a dark tunnel.
 20028 | Volcano  | Entered a volcano
 20620 | Orc:1    | Found Kaodum's Weapon Emporium.
 20676 | Orc:2    | Entered Level 2 of the Orcish Mines
 20864 | Orc:2    | Reached skill level 15 in Shields
 21656 | Orc:2    | Reached XP level 15. HP: 92/135 MP: 11/15
 21939 | Orc:2    | Found Aczas's Armour Shoppe.
 21939 | Orc:2    | Found Jejuywi's Jewellery Shop.
 21940 | Orc:2    | Found Jimiufol's Antique Armour Shop.
 21940 | Orc:2    | Found Teiffe's Food Emporium.
 22266 | Orc:2    | Found a staircase to the Elven Halls.
 22863 | D:12     | Found a shattered altar of Ashenzari.
 22963 | D:12     | Found a deep blue altar of Sif Muna.
 23401 | D:12     | Gained mutation: You are clumsy. (Dex -2) [mutagenic meat]
 23710 | D:13     | Noticed Rupert
 24590 | D:13     | Noticed Erolcha
 24600 | D:13     | Killed Erolcha
 24600 | D:13     | Reached skill level 5 in Axes
 24600 | D:13     | Reached skill level 16 in Shields
 25042 | D:13     | Upgraded the game from 0.21-a0-504-g2eda330 to 0.21-a0-509-gecc5317
 25700 | D:14     | Found a gate to the Vaults.
 26566 | D:15     | Entered Level 15 of the Dungeon
 27460 | D:15     | Gained mutation: You have a somewhat thin skeletal structure. (Dex +2, Stealth) [mutagenic meat]
 27461 | D:15     | Gained mutation: Potions are less effective at restoring your health. [mutagenic meat]
 27462 | D:15     | Gained mutation: You have large cloven feet. [mutagenic meat]
 27573 | D:15     | Lost mutation: Potions are less effective at restoring your health. [mutagenic meat]
 27574 | D:15     | Gained mutation: Your spells are a little easier to cast, but a little less powerful. [mutagenic meat]
 27576 | D:15     | Gained mutation: You are surrounded by a mild repulsion field. (EV +2) [mutagenic meat]
 27577 | D:15     | Gained mutation: You are frail. (-10% HP) [mutagenic meat]
 27657 | D:15     | Reached skill level 17 in Shields
 27662 | D:15     | Gained mutation: You have hoof-like feet. [mutagenic meat]
 27663 | D:15     | Gained mutation: You are very frail. (-20% HP) [mutagenic meat]
 27664 | D:15     | Gained mutation: You are extremely frail. (-30% HP) [mutagenic meat]
 27707 | D:15     | Found a white marble altar of Elyvilon.
 27715 | D:15     | Learned a level 3 spell: Regeneration
 27771 | D:15     | Found a portal to a secret trove of treasure.
 27788 | D:15     | Found a staircase to the Depths.
 27814 | D:15     | Cast into level 2 of the Abyss (a wizard)
 27815 | Abyss:2  | Lost mutation: You are extremely frail. (-30% HP) [mutagenic meat]
 27871 | Abyss:2  | HP: 5/110 [balrug/demon whip of flaming (10)]
 27872 | Abyss:2  | Slain by a red devil

Vault maps used:
D:1:      wheals_arrival_linesprint
D:2:      grunt_temple_overflow_octagram, chequers_ecumenical_altar_simple,
          minmay_hexomino_p4, uniq_natasha, uniq_crazy_yiuf_cottage
D:3:      vehumet_crystals, first_bread, fountainhead, minmay_misc_feat_roman
D:4:      temple_hall, uniq_pikel
D:5:      uniq_duvessa
D:6:      grunt_ministairs_1, uniq_menkaure
D:8:      erik_lair_dragon
D:9:      hangedman_screamer, kennysheep_little_box, serial_shops, shop,
          nicolae_shop_behind_doors, nicolae_shop_window_shopping, shop_statue,
          nicolae_shop_statue_plus
D:10:     grunt_tengu_nest, minivault_23
D:11:     orc_0_dummy, serial_shops, shop
D:12:     basic_altar, lemuel_blue_sif_altar
D:13:     uniq_erolcha, uniq_rupert
D:14:     hangedman_vaults_entry_quadrant_bands, grunt_decor_fettered
D:15:     hangedman_depths_entry_civil_slaughter, enter_trove_0,
          elyvilon_altar_4, st_stairs_4, minmay_liquid_box, minivault_27
Temple:   cyrus_circular_temple
Lair:2:   grunt_megastairs_5, uniq_gastronok
Lair:3:   minivault_29, grunt_megastairs_2
Lair:4:   swamp_mist, spider_nest_entry_rubble, grunt_forest_stairs_clearing
Lair:5:   beast_lair_carwin_large_3
Lair:6:   guppyfry_lair_end_dragon, hangedman_lair_in_review, slime_altar_2,
          serial_bayou_shore_a, grunt_megastairs_3, infiniplex_staircase_pool
Orc:1:    nicolae_volcano_entry_batcave, serial_shops, nicolae_shop_crystal
Orc:2:    st_orc_ogre_mass
Volcano:  volcano_village

Skill      XL: |  1  2  3  4  5  6  7  8  9 10 11 12 13 14 15 |
---------------+----------------------------------------------+-----
Shields        | 4 5 6 7 8 10 11 12 13 15 17 | 17.0
Armour         | 4 5 6 7 9 10 | 10.8
Fighting       | 4 5 6 7 8 9 10 12 13 14 | 14.2
Axes           | 3 4 5 |  5.6
Dodging        | 2 3 4 6 8 10 11 12 | 12.8
Maces & Flails | 4 5 8 10 11 13 14 15 16 | 16.4
Stealth        | 1 3 5 6 |  6.3
Evocations     | 1 2 |  2.5
Charms         | |  0.1

Action                   |  1- 3 |  4- 6 |  7- 9 | 10-12 | 13-15 || total
-------------------------+-------+-------+-------+-------+-------++-------
Melee: War axe           |    58 |       |       |       |       ||    58
       Headbutt          |     6 |    17 |    81 |   296 |   680 ||  1080
       Mace              |       |   102 |   433 |  1270 |  2422 ||  4227
       Hand axe          |       |       |       |       |   110 ||   110
Invok: Heavenly Storm    |       |       |       |       |     1 ||     1
Evoke: Wand              |       |     1 |     5 |    10 |    22 ||    38
  Use: Potion            |     1 |     1 |     3 |     9 |     9 ||    23
       Scroll            |       |     5 |     6 |     9 |     8 ||    28
 Stab: Sleeping          |       |       |       |     4 |    18 ||    22
       Distracted        |       |       |       |     1 |     3 ||     4
       Petrified         |       |       |       |       |    12 ||    12
       Petrifying        |       |       |       |       |     4 ||     4
       Confused          |       |       |       |       |     1 ||     1
  Eat: Chunk             |       |     5 |    18 |    26 |    55 ||   104
       Fruit             |       |       |       |     2 |     2 ||     4
       Royal jelly       |       |       |       |     1 |     2 ||     3
Armor: Scale mail        |    38 |    40 |       |       |       ||    78
       Chain mail        |       |       |   179 |    67 |       ||   246
       Leather armour    |       |       |       |   166 |   178 ||   344
       Swamp dragon scal |       |       |       |       |   359 ||   359
       Acid dragon scale |       |       |       |       |    24 ||    24
Dodge: Dodged            |    24 |    31 |   103 |   368 |  1002 ||  1528
Block: Shield            |    47 |    43 |   196 |   474 |  1099 ||  1859
       Buckler           |       |     8 |       |       |       ||     8

Table legend:
 A = Spawn XP
 B = Non-spawn XP
 C = Spawn XP percentage of total XP
 D = Spawn monster count
 E = Non-spawn monster count
 F = Spawn count percentage of total count
 G = Total turns spent on level
                    A         B        C        D         E        F      G
               +---------+---------+-------+---------+---------+-------+---------
         Total |       0 |  152772 |   0.0 |       0 |     746 |   0.0 | 27872
               +---------+---------+-------+---------+---------+-------+---------
           D:1 |       0 |      39 |   0.0 |       0 |      20 |   0.0 |   600
           D:2 |       0 |     225 |   0.0 |       0 |      26 |   0.0 |  1014
           D:3 |       0 |      36 |   0.0 |       0 |      19 |   0.0 |   746
           D:4 |       0 |     714 |   0.0 |       0 |       7 |   0.0 |   557
           D:5 |       0 |     768 |   0.0 |       0 |      17 |   0.0 |   613
           D:6 |       0 |    1105 |   0.0 |       0 |      21 |   0.0 |   983
           D:7 |       0 |    1951 |   0.0 |       0 |      26 |   0.0 |  1392
           D:8 |       0 |    1975 |   0.0 |       0 |      25 |   0.0 |  1800
           D:9 |       0 |    4803 |   0.0 |       0 |      43 |   0.0 |  1217
          D:10 |       0 |    4487 |   0.0 |       0 |      41 |   0.0 |  1110
          D:11 |       0 |    4604 |   0.0 |       0 |      28 |   0.0 |  1504
          D:12 |       0 |    6253 |   0.0 |       0 |      33 |   0.0 |  1009
          D:13 |       0 |    2928 |   0.0 |       0 |      13 |   0.0 |  1508
          D:14 |       0 |   14206 |   0.0 |       0 |      49 |   0.0 |  1479
          D:15 |       0 |   18458 |   0.0 |       0 |      32 |   0.0 |  1248
        Lair:1 |       0 |    2271 |   0.0 |       0 |      15 |   0.0 |  1473
        Lair:2 |       0 |    5309 |   0.0 |       0 |      13 |   0.0 |  1029
        Lair:3 |       0 |    8742 |   0.0 |       0 |      53 |   0.0 |  1515
        Lair:4 |       0 |    5325 |   0.0 |       0 |      31 |   0.0 |  1394
        Lair:5 |       0 |   12971 |   0.0 |       0 |      39 |   0.0 |   869
        Lair:6 |       0 |   26858 |   0.0 |       0 |      70 |   0.0 |  2307
         Orc:1 |       0 |    5706 |   0.0 |       0 |      42 |   0.0 |  1252
         Orc:2 |       0 |   22727 |   0.0 |       0 |      81 |   0.0 |  1118
       Volcano |       0 |     311 |   0.0 |       0 |       2 |   0.0 |    21
               +---------+---------+-------+---------+---------+-------+---------
